 Dungeon Crawl Stone Soup version 0.24.1-11-gbbbb2193e6 (webtiles) character file.

Game seed: 17465731081147247513, levelgen mode: deterministic

32 Peloso the Skirmisher (level 3, -1/26 (31) HPs)
             Began as a Ghoul Fighter on May 14, 2020.
             Slain by an adder (2 damage)
             ... on level 2 of the Dungeon.
             The game lasted 00:01:34 (851 turns).

Peloso the Skirmisher (Ghoul Fighter)                Turns: 851, Time: 00:01:34

HP:   -1/26 (31)    AC:  7    Str: 25    XL:     3   Next: 25%
MP:   2/2           EV:  7    Int:  3    God:
Gold: 75            SH:  9    Dex:  8    Spells: 2/2 levels left

rFire    . . .     SeeInvis .   a - +0 long sword
rCold    + . .     Gourm    .   c - +0 shield
rNeg     + + +     Faith    .   b - +0 scale mail
rPois    ∞         Spirit   .   (no helmet)
rElec    .         Reflect  .   j - +0 cloak
rCorr    .         Harm     .   (no gloves)
MR       .....                  (no boots)
Stlth    ..........             (no amulet)
HPRegen  0.00/turn              (no ring)
MPRegen  0.08/turn              (no ring)

@: mighty, rotting
A: rotting body, claws 1, carnivore, cold resistance 1, negative energy
resistance 3, inhibited regeneration, torment resistance, unbreathing
a: no special abilities


You were on level 2 of the Dungeon.
You were not hungry.

You visited 1 branch of the dungeon, and saw 2 of its levels.

You collected 75 gold pieces.

Inventory:

Hand Weapons
 a - a +0 long sword (weapon)
Armour
 b - a +0 scale mail (worn)
 c - a +0 shield (worn)
 j - a +0 cloak (worn)
Jewellery
 k - an uncursed ring of protection from fire
Scrolls
 g - 3 scrolls of remove curse {unknown}
 h - a scroll of magic mapping {unknown}
 i - a scroll of enchant weapon {unknown}
 l - a scroll of enchant armour {unknown}
 m - 2 scrolls of identify {unknown}
Comestibles
 f - 5 rations


   Skills:
 + Level 3.5 Fighting
 + Level 2.4 Long Blades
 + Level 3.0 Armour
 + Level 0.1 Dodging
 + Level 3.0 Shields


You had 2 spell levels left.
You didn't know any spells.
Your spell library was empty.

Dungeon Overview and Level Annotations

Branches:
Dungeon (2/15)

Altars:


Innate Abilities, Weirdness & Mutations

Your body is rotting away.
You thrive on raw meat.
You are immune to poison.
You have sharp fingernails.
You are carnivorous and can eat meat at any time.
Your flesh is cold resistant. (rC+)
You are immune to negative energy. (rN+++)
You do not regenerate when monsters are visible.
You are immune to unholy pain and torment.
You can survive without breathing.


Message History

You slash the adder!
The adder is severely wounded.
The adder barely misses you. The adder bites you.
* * * LOW HITPOINT WARNING * * *
You closely miss the adder.
The adder is severely wounded.
The adder bites you but does no damage. You block the adder's attack.
You miss the adder.
The adder is severely wounded.
You block the adder's attack. x2
You miss the adder.
The adder is severely wounded.
You block the adder's attack. x2
You hit the adder but do no damage.
The adder is severely wounded.
You block the adder's attack.
You miss the adder.
The adder is severely wounded.
The adder bites you but does no damage. The adder bites you.
You die...

###.....#.# #..#.#
#.......#.# #..#.#
#.#.....#.# #<.#.#
..#.##..###.# #.##.#
........†...# #....#
......>.....# ######
............#
########...############
............SS@........
#########...###########
#...## ### ##.l.# ....
#...# ....S ##S.#
......##..##
.......†...#
.......)...#


You could see an adder and a ball python.

Vanquished Creatures
  An adder (D:2)
  A worm (D:2)
  A leopard gecko (D:2)
  A bat (D:2)
  A giant cockroach (D:2)
  4 hobgoblins (D:1)
  3 kobolds (D:1)
  2 frilled lizards (D:1)
  4 rats (D:1)
18 creatures vanquished.

Notes
Turn   | Place    | Note
-------+----------+-------------------------------------------
     0 | D:1      | Peloso the Ghoul Fighter began the quest for the Orb.
     0 | D:1      | Reached XP level 1. HP: 19/19 MP: 0/0
   339 | D:1      | Reached XP level 2. HP: 24/24 MP: 1/1
   843 | D:2      | Reached XP level 3. HP: 3/26 MP: 2/2
   846 | D:2      | HP: 1/26 [adder (2)]
   851 | D:2      | Slain by an adder

Levels and vault maps discovered:
D:1:      minmay_arrival_jagged, layout_rooms, grunt_decor_cap
D:2:      layout_basic, nrook_loot_triangle, minmay_split_cup_small,
          uniq_natasha

Skill      XL: |  1  2 |
---------------+-------+-----
Long Blades    | 2 |  2.4
Armour         | 3 |  3.0
Shields        | 3 |  3.0
Fighting       | |  3.5
Dodging        | |  0.1

Action                   || total
-------------------------++-------
Melee: Long sword        ||    52
  Use: Potion            ||     3
Armor: Scale mail        ||    23
Dodge: Dodged            ||    14
Block: Shield            ||    32
       Rpst.: Long sword ||     4
